 Dungeon Crawl Stone Soup version 0.29.1-1-gd02db6906a (webtiles) character file.

Game seed: 15820712853431249810

80 warriortoast the Trooper (level 4, -4/41 HPs)
             Began as a Hill Orc Monk on Sept 29, 2022.
             Frozen to death by an endoplasm (5 damage)
             ... on level 2 of the Dungeon.
             The game lasted 00:04:54 (3110 turns).

warriortoast the Trooper (Hill Orc Monk)            Turns: 3110, Time: 00:04:55

Health: -4/41      AC:  2    Str: 13    XL:     4   Next: 39%
Magic:  4/4        EV: 13    Int: 10    God:
Gold:   87         SH:  0    Dex: 15    Spells: 3/3 levels left

rFire   . . .      SeeInvis .   g - +0 dagger
rCold   . . .      Faith    .   (no shield)
rNeg    . . .      Spirit   .   a - +0 robe
rPois   .          Reflect  .   (no helmet)
rElec   .          Harm     .   (no cloak)
rCorr   .          Rampage  .   (no gloves)
Will    .....                   (no boots)
Stlth   ++........              (no amulet)
HPRegen 0.13/turn               (no ring)
MPRegen 0.09/turn               (no ring)

@: no status effects
A: no striking features
a: no special abilities


You were on level 2 of the Dungeon.
You visited 1 branch of the dungeon, and saw 2 of its levels.

You collected 87 gold pieces.

Inventory:

Hand Weapons
 g - a +0 dagger (weapon)
Armour
 a - a +0 robe (worn)
Scrolls
 d - a scroll of identify {unknown}
 e - a scroll of teleportation {unknown}
 f - a scroll of blinking {unknown}
 h - a scroll of brand weapon {unknown}
Potions
 b - a potion of ambrosia
 c - a potion of haste {unknown}


   Skills:
 + Level 4.4 Fighting
 + Level 3.0 Dodging
 + Level 2.3 Stealth
 + Level 3.9 Unarmed Combat


You had 3 spell levels left.
You didn't know any spells.
Your spell library contained the following spells:

 Spells                   Type           Power      Damage    Failure   Level
 Ignite Poison            Fire/Tmut/Pois 0%         N/A       75%         3
 Mephitic Cloud           Conj/Pois/Air  0%         N/A       75%         3
 Freezing Cloud           Conj/Ice/Air   0%         6-21      100%        5


Dungeon Overview and Level Annotations

Branches:
Dungeon (2/15)

Altars:


Message History

a +1 robe of willpower; a +0 club; the human skeleton of Jessica You see here a giant cockroach corpse.
The endoplasm quivers.
The endoplasm barely misses you. The endoplasm freezes you.
You are frozen.
The endoplasm freezes you.
You are frozen.
The endoplasm hits you. The endoplasm hits you.
* * * LOW HITPOINT WARNING * * *
The endoplasm barely misses you. The endoplasm misses you.
The endoplasm hits you but does no damage.
The endoplasm hits you but does no damage.
The endoplasm hits you but does no damage.
The endoplasm barely misses you. The endoplasm freezes you.
You are frozen.
* * * LOW HITPOINT WARNING * * *
The endoplasm hits you.
* * * LOW HITPOINT WARNING * * *
The endoplasm hits you.
* * * LOW HITPOINT WARNING * * *
The endoplasm barely misses you.
The endoplasm hits you but does no damage.
The endoplasm freezes you.
You are frozen.
* * * LOW HITPOINT WARNING * * *
The endoplasm hits you.
* * * LOW HITPOINT WARNING * * *
The endoplasm freezes you.
You are frozen.
* * * LOW HITPOINT WARNING * * *
The endoplasm barely misses you.
The endoplasm hits you but does no damage.
The endoplasm barely misses you. The endoplasm freezes you.
You are frozen.
You die...

.........#
#.........#
#...(.....#
...#.##..$......#
.....#..........#
................#
..............#
..........J@.#
#........††.###
#..######....#
#..##.<......###
#.....##.......#..
#.......##..........
#..##.#....#.####...
#....
#......#(#####..
....##
.##..........##)


You could see an endoplasm.

Vanquished Creatures
  Jessica (D:2)
  2 adders (D:2)
  2 dart slugs (D:1)
  A ball python (D:1)
  4 bats (D:1)
  9 endoplasms
  2 giant cockroaches
  A hobgoblin (D:1)
  4 kobolds
  3 frilled lizards (D:1)
  A goblin (D:1)
  A rat (D:1)
31 creatures vanquished.

Notes
Turn   | Place    | Note
-------+----------+-------------------------------------------
     0 | D:1      | warriortoast the Hill Orc Monk began the quest for the Orb.
     0 | D:1      | Reached XP level 1. HP: 19/19 MP: 1/1
   511 | D:1      | Reached XP level 2. HP: 19/27 MP: 2/2
   601 | D:1      | Found a faded altar of an unknown god.
  1075 | D:1      | Reached skill level 4 in Fighting
  1178 | D:1      | Reached XP level 3. HP: 7/33 MP: 3/3
  2045 | D:2      | Noticed Jessica
  2659 | D:2      | Killed Jessica
  2660 | D:2      | Reached XP level 4. HP: 25/41 MP: 4/4
  3106 | D:2      | HP: 1/41 [frozen (4)]
  3110 | D:2      | Frozen to death by an endoplasm

Illustrated notes

Levels and vault maps discovered:
D:1:      dpeg_arrival_court, layout_loops_ring,
          chequers_ecumenical_altar_simple
D:2:      layout_rooms, uniq_jessica

Skill      XL: |  1  2  3  4 |
---------------+-------------+-----
Stealth        | 2 |  2.3
Fighting       | 4 |  4.4
Dodging        | 3 |  3.0
Unarmed Combat | |  3.9

Action                   |  1- 3 |  4- 6 || total
-------------------------+-------+-------++-------
Melee: Unarmed           |    51 |       ||    51
       Punch             |     4 |     1 ||     5
       Dagger            |    77 |    35 ||   112
 Stab: Sleeping          |     4 |       ||     4
Armor: Robe              |    31 |    15 ||    46
Dodge: Dodged            |    68 |    38 ||   106
